AoeStats
← Hamza Khan

African Clearing

510869192Analyzed
4v4 RM · 11h ago on Oct 2, 2026· 40m 27s· 8 players
Game mode
Random Map
Map size
Large (8 player)
Population
200
Speed
Normal
Resources
Standard
Victory
Conquest
Starting age
Dark Age
Ending age
Imperial Age
RankedLock teamsTeams togetherTeam positionsShared explorationLock speedFull tech treeHidden civsTurbo modeCheats
Victory
Defeat
🇵🇹 Japanese · Portugal
1040
+9
🇵🇹 Persians · Portugal
910
+20
🇵🇹 Britons · Portugal
907
+14
🇵🇹 Goths · Portugal
865
+15
🇩🇪 Japanese · Germany
889
-14
🇨🇴 Celts · Colombia
879
-14
🇸🇪 Burgundians · Sweden
839
-12
🇺🇸 Cumans · United States
814
-11
brad
3:55 Loom
19:53 Feudal Age
Deatho
5:32 Loom
15:45 Feudal Age
16:25 Double-Bit Axe
16:21 Horse Collar
17:47 Wheelbarrow
20:01 Man-at-Arms
25:20 Fletching
Hamza Khan
4:32 Loom
16:00 Feudal Age
14:57 Double-Bit Axe
16:43 Wheelbarrow
18:00 Bow Saw
17:54 Horse Collar
20:00 Heavy Plow
27:38 Castle Age
26:11 Stone Mining
27:42 Stone Shaft Mining
27:17 Town Watch
franvelasco_92
15:53 Feudal Age
14:08 Loom
18:28 Man-at-Arms
18:55 Arson
19:28 Forging
19:19 Horse Collar
27:32 Double-Bit Axe
32:28 Castle Age
34:15 Pikeman
36:57 Iron Casting
36:23 Scale Mail Armor
peaboy
15:08 Feudal Age
22:46 Castle Age
22:22 Horse Collar
26:27 Forging
28:05 Scale Barding Armor
29:48 Heavy Plow
29:53 Husbandry
30:19 Chain Barding Armor
31:16 Iron Casting
31:46 Bloodlines
filipe.rtc
3:15 Loom
14:10 Feudal Age
14:37 Man-at-Arms
15:03 Arson
16:30 Town Watch
22:26 Fletching
28:40 Castle Age
27:17 Forging
27:01 Double-Bit Axe
26:58 Horse Collar
29:31 Wheelbarrow
30:17 Gold Mining
30:17 Stone Mining
31:03 Bow Saw
30:57 Gambesons
31:15 Crossbowman
32:17 Long Swordsman
33:16 Herbal Medicine
34:23 Scale Mail Armor
35:04 Squires
35:15 Pikeman
38:14 Hand Cart
CHiCo
12:10 Loom
14:11 Feudal Age
17:28 Fletching
20:15 Double-Bit Axe
20:12 Horse Collar
22:34 Padded Archer Armor
22:41 Scale Barding Armor
28:03 Castle Age
27:16 Gold Mining
28:59 Thumb Ring
30:22 Bow Saw
31:18 Crossbowman
31:55 Bodkin Arrow
34:09 Wheelbarrow
34:59 Town Watch
36:08 Leather Archer Armor
41:00 Ballistics
returnx64
20:10 Feudal Age
18:33 Loom
21:34 Wheelbarrow
30:11 Double-Bit Axe
31:45 Horse Collar
38:54 Castle Age
39:17 Gold Mining
39:17 Stone Mining
39:38 Heavy Plow
40:15 Hand Cart
Connection lost

Rejoining the realm…

Still unreachable

The connection could not be restored.

Session expired

The server has moved on; the page needs a fresh start.